 Dungeon Crawl Stone Soup version 0.29.1-4-g47bece8355 (webtiles) character file.

Game seed: 15762547638654258461

189 Gabide the Purveyor of Pain (level 5, -8/41 HPs)
             Began as a Mummy Necromancer on Dec 11, 2022.
             Was an Initiate of Kikubaaqudgha.
             Mangled by Edmund
             ... wielding a +3 flail of holy wrath
              (9 damage)
             ... on level 4 of the Dungeon.
             The game lasted 00:05:09 (3654 turns).

Gabide the Purveyor of Pain (Mummy Necromancer)     Turns: 3654, Time: 00:05:09

Health: -8/41      AC:  8    Str: 12    XL:     5   Next: 40%
Magic:  1/9        EV: 11    Int: 16    God:    Kikubaaqudgha [......]
Gold:   189        SH:  0    Dex: 12    Spells: 6/10 levels left

rFire   x . .      SeeInvis .   f - +0 whip (elec)
rCold   + . .      Faith    .   (no shield)
rNeg    + + +      Spirit   .   l - +3 leather armour
rPois   ∞          Reflect  .   j - +1 helmet
rElec   .          Harm     .   (no cloak)
rCorr   .          Rampage  .   (no gloves)
Will    .....                   (no boots)
Stlth   ++........              (no amulet)
HPRegen 0.13/turn               (no ring)
MPRegen 0.11/turn               (no ring)

@: no status effects
A: cold resistance 1, negative energy resistance 3, torment resistance 2, heat
vulnerability 1, in touch with death 1, no potions
a: Renounce Religion


You were on level 4 of the Dungeon.
You worshipped Kikubaaqudgha.
Kikubaaqudgha was noncommittal.
You visited 1 branch of the dungeon, and saw 4 of its levels.

You collected 189 gold pieces.

Inventory:

Hand Weapons
 f - a +0 whip of electrocution (weapon)
 h - a +4 trident
 m - a +2 short sword of draining
Missiles
 a - a throwing net
Armour
 j - a +1 helmet (worn)
 l - a +3 leather armour (worn)
Wands
 k - a wand of light (6)
Scrolls
 b - a scroll of silence
 c - a scroll of brand weapon
 d - a scroll of acquirement {unknown}
 e - a scroll of teleportation {unknown}
 g - 2 scrolls of blinking
 i - a scroll of fear
 n - a scroll of identify


   Skills:
 + Level 3.0 Fighting
 * Level 1.6 Armour
 - Level 2.0 Dodging
 - Level 2.0 Stealth
 - Level 2.0 Unarmed Combat
 - Level 3.0 Spellcasting
 - Level 4.0 Necromancy


You had 6 spell levels left.
You knew the following spells:

 Your Spells              Type           Power      Damage    Failure   Level
a - Necrotise             Necr           88%        1d8       4%          1
b - Vampiric Draining     Necr           22%        2d7       14%         3

Your spell library contained the following spells:

 Spells                   Type           Power      Damage    Failure   Level
 Apportation              Tloc           4%         N/A       24%         1
 Summon Small Mammal      Summ           8%         N/A       24%         1
 Animate Dead             Necr           22%        N/A       41%         4
 Agony                    Necr           22%        N/A       77%         5


Dungeon Overview and Level Annotations

Branches:
Dungeon (4/15)
 Temple: D:4-7

Altars:
Kikubaaqudgha

Annotations:
D:4 Edmund


Innate Abilities, Weirdness & Mutations

You are immune to poison.
Your flesh is cold resistant. (rC+)
You are immune to negative energy. (rN+++)
You are immune to unholy pain and torment.
You are vulnerable to heat. (rF-)
You are in touch with the powers of death.
You do not drink.


Message History

Here: Edmund, wielding a +3 flail of holy wrath and wearing a +0 scale mail The floor.
Unknown command.
Unknown command.
Your goblin skeleton hits the jackal.
There is an open door here.
You hit the jackal.
You kill the jackal!
Kikubaaqudgha accepts your kill.
Your goblin skeleton hits the worm.
You hit the worm but do no damage.
Your goblin skeleton hits the worm but does no damage.
The worm bites you!
You closely miss Edmund.
Your goblin skeleton barely misses the worm.
An orc comes into view. It is wielding a +0 whip.
Edmund barely misses you.
You hit Edmund but do no damage.
A ball python comes into view.
Your goblin skeleton hits the worm but does no damage.
Edmund closely misses you. The worm barely misses you.
You hit Edmund but do no damage.
A hobgoblin comes into view.
Edmund says, "I might not be good at magic, but I can still kill you!"
Edmund misses you.
Your goblin skeleton hits the worm but does no damage.
The worm bites you!
You barely miss Edmund.
The orc throws a boomerang.
The boomerang hits your goblin skeleton.
Edmund hits you with a +3 flail of holy wrath!
* * * LOW HITPOINT WARNING * * *
You convulse!
* * * LOW HITPOINT WARNING * * *
Your goblin skeleton hits the worm but does no damage.
Your goblin skeleton hits the worm but does no damage.
There is an open door here.
Edmund attacks as you move away!
Edmund hits you with a +3 flail of holy wrath!
You die...
Kikubaaqudgha rasps: "You have failed me!
Welcome... oblivion!"

....... . .......#.
........# #......g#
#..)....# #.......#
########
#.......#####......####
.......@@..........'..##
......Zw#..........##..#
........#...........##.#
........#........##.##.#
........####.######).#.##
..So....# #.##....).#..#
........# #.##.####.##.#
........# #.##....#....#
........# #.....#.##..>#


You could see Edmund, a worm (ally target), an orc, a hobgoblin, a ball python
and a friendly goblin skeleton.

Vanquished Creatures
  Terence (D:2)
  5 adders
  3 dart slugs
  4 orcs
  12 endoplasms
  4 giant cockroaches
  8 goblins
  6 hobgoblins
  3 jackals (D:4)
  A quokka (D:3)
  3 ball pythons
  4 bats
  5 frilled lizards
  8 rats
67 creatures vanquished.

Vanquished Creatures (collateral kills)
  A howler monkey (D:4)
  A goblin (D:1)
  A jackal (D:4)
3 creatures vanquished.

Vanquished Creatures (others)
  6 plants (D:2)
  A withered plant (D:3)
7 creatures vanquished.

Grand Total: 77 creatures vanquished

Notes
Turn   | Place    | Note
-------+----------+-------------------------------------------
     0 | D:1      | Gabide the Mummy Necromancer began the quest for the Orb.
     0 | D:1      | Reached XP level 1. HP: 13/13 MP: 4/4
   442 | D:1      | Reached skill level 1 in Fighting
   442 | D:1      | Reached XP level 2. HP: 21/21 MP: 2/5
  1026 | D:1      | Gained mutation: You are in touch with the powers of death.
                  | [Mummy growth]
  1026 | D:1      | Reached XP level 3. HP: 19/27 MP: 1/7
  1110 | D:1      | Found a faded altar of an unknown god.
  1259 | D:2      | Noticed Terence
  1264 | D:2      | Reached skill level 1 in Unarmed Combat
  1274 | D:2      | Killed Terence
  1468 | D:2      | Reached XP level 4. HP: 33/33 MP: 4/8
  1548 | D:2      | Learned a level 3 spell: Vampiric Draining
  2970 | D:3      | Found an ancient bone altar of Kikubaaqudgha.
  2981 | D:3      | Became a worshipper of Kikubaaqudgha
  3177 | D:3      | Reached XP level 5. HP: 39/39 MP: 5/9
  3539 | D:4      | Reached skill level 1 in Armour
  3642 | D:4      | Noticed Edmund
  3652 | D:4      | HP: 1/41 [Edmund/+3 flail of holy wrath (8)]
  3654 | D:4      | Mangled by Edmund

Illustrated notes

Levels and vault maps discovered:
D:1:      roderic_octagonal_star, layout_basic,
          hellmonk_ecumenical_altar_pennies_from_heaven, dk_noncrumbling_3,
          minivault_26
D:2:      cheibrodos_old_hovel, layout_loops_ring, kennysheep_generic_room_13,
          uniq_terence
D:3:      layout_basic, kiku_gazebo_garden_becter
D:4:      layout_basic, grunt_dithmenos_smoke_and_mirrors, minmay_bent,
          uniq_edmund, uniq_crazy_yiuf_cottage, uniq_eustachio

Skill      XL: |  1  2  3  4  5 |
---------------+----------------+-----
Dodging        | 2 |  2.0
Fighting       | 1 2 3 |  3.0
Unarmed Combat | 2 |  2.0
Stealth        | 2 |  2.0
Spellcasting   | 3 |  3.0
Armour         | 1 |  1.6
Necromancy     | |  4.0

Action                   |  1- 3 |  4- 6 || total
-------------------------+-------+-------++-------
Melee: Unarmed           |     4 |       ||     4
       Whip              |    16 |    17 ||    33
       Punch             |       |     1 ||     1
 Cast: Necrotise         |    53 |    78 ||   131
       Vampiric Draining |       |     1 ||     1
  Use: Scroll            |       |     6 ||     6
Armor: Robe              |     4 |       ||     4
       Leather armour    |       |    24 ||    24
Dodge: Dodged            |    21 |    27 ||    48
